 Dungeon Crawl Stone Soup version 0.27.1-1-g398f81649c (webtiles) character file.

Game seed: 11592217609790587356

39 diana the Magician (level 3, 0/27 HPs)
             Began as a Djinni Fire Elementalist on Sept 17, 2021.
             Slain by Terence (4 damage)
             ... on level 2 of the Dungeon.
             The game lasted 00:02:44 (2376 turns).

diana the Magician (Djinni Fire Elementalist)       Turns: 2376, Time: 00:02:45

Health: 0/27       AC:  2    Str:  7    XL:     3   Next: 70%
Gold:   26         EV: 12    Int: 17    God:
                   SH:  0    Dex: 13

rFire    + + .     SeeInvis .   f - +1 dagger (protect)
rCold    x . .     Faith    .   (no shield)
rNeg     . . .     Spirit   .   a - +0 robe
rPois    ∞         Reflect  .   (no helmet)
rElec    .         Harm     .   (no cloak)
rCorr    .         Rampage  .   (no gloves)
Will     .....                  (boots unavailable)
Stlth    ++........             (no amulet)
HPRegen  0.09/turn              (no ring)
MPRegen  0.00/turn              (no ring)

@: flying
A: sickness immunity, fire resistance 2, cold vulnerability 1, float, innate
caster, hp casting, extra vitality 1
a: no special abilities


You were on level 2 of the Dungeon.
You visited 1 branch of the dungeon, and saw 2 of its levels.

You collected 26 gold pieces.

Inventory:

Hand Weapons
 f - a +1 dagger of protection (weapon)
Armour
 a - a +0 robe (worn)
Scrolls
 c - a scroll of amnesia {unknown}
 d - a scroll of noise {unknown}
 e - a scroll of fear {unknown}
 g - a scroll of identify {unknown}
 h - a scroll of torment {unknown}
Potions
 b - a potion of attraction {unknown}
 i - a potion of berserk rage {unknown}


   Skills:
 + Level 1.2 Fighting
 + Level 2.7 Dodging
 - Level 1.5 Stealth
 * Level 3.0 Spellcasting


You couldn't memorise any spells.
You knew the following spells:

 Your Spells              Type           Power      Damage    Failure   Level
a - Foxfire               Conj/Fire      48%        2x1d6     4%          1
b - Conjure Flame         Conj/Fire      12%        6-21      16%         3
c - Inner Flame           Hex/Fire       12%        N/A       16%         3
d - Sticky Flame          Conj/Fire      12%        2d4       45%         4
e - Fireball              Conj/Fire      6%         3d5       80%         5
f - Shock                 Conj/Air       48%        1d6       4%          1
Your spell library was empty.

Dungeon Overview and Level Annotations

Branches:
Dungeon (2/15)

Altars:

Annotations:
D:2 Terence


Innate Abilities, Weirdness & Mutations

You are immune to sickness and miasma.
You are immune to poison.
Your flesh is very heat resistant. (rF++)
You are vulnerable to cold. (rC-)
You float through the air rather than walking.
You learn spells naturally, not from books.
Your magical power is your life essence.
You have superior vitality. (+4 HP)


Message History

The foxfire hits Terence.
Terence is moderately wounded.
Terence closely misses you.
You conjure some foxfire!
Terence hits you with a +0 falchion.
You are too injured to fight recklessly!
Unknown command.
The foxfire hits Terence.
Terence is heavily wounded.
The foxfire hits Terence.
Terence is severely wounded.
You are too injured to fight recklessly!
You are too injured to fight recklessly!
Your magical contamination has completely faded away.
Things that are here:
a +0 dagger; 2 stones You are too injured to fight recklessly!
Casting: Foxfire (safe; 4% risk of failure)
Confirm with . or Enter, or press ? or * to list all spells.
You conjure some foxfire!
Terence closely misses you.
Casting: Foxfire (safe; 4% risk of failure)
Confirm with . or Enter, or press ? or * to list all spells.
You conjure some foxfire!
The foxfire hits Terence.
Terence is severely wounded.
Terence barely misses you.
Unknown command.
Casting: Foxfire (safe; 4% risk of failure)
Confirm with . or Enter, or press ? or * to list all spells.
You conjure some foxfire!
The foxfire hits Terence.
Terence is severely wounded.
The foxfire hits Terence.
Terence is almost dead.
Terence hits you with a +0 falchion!
* * * LOW HITPOINT WARNING * * *
The foxfire hits Terence.
Terence is almost dead.
Terence says, "Time to say good-bye..."
Terence screams, "I'm going to kill you!"
You see here an adder skeleton.
Terence hits you with a +0 falchion.
You die...

#.......#####
#.[..##...#####
### #.).)...#
....##..####.#
.........# #.#
##.#####.# #....#
###.#########
#.@........#
#@##.#..##.#
######.##.#..<#.#
...........#.....#
########.#.÷..####
...###### #####


You could see Terence.

Vanquished Creatures
  An adder (D:2)
  2 endoplasms (D:1)
  A giant cockroach (D:1)
  3 hobgoblins
  3 jackals (D:1)
  5 kobolds
  5 ball pythons (D:1)
  2 bats (D:1)
  A frilled lizard (D:1)
  2 goblins
  3 rats (D:1)
28 creatures vanquished.

Vanquished Creatures (collateral kills)
  4 foxfires (D:1)
4 creatures vanquished.

Vanquished Creatures (others)
  139 foxfires
139 creatures vanquished.

Grand Total: 171 creatures vanquished

Notes
Turn   | Place    | Note
-------+----------+-------------------------------------------
     0 | D:1      | diana the Djinni Fire Elementalist began the quest for the
                  | Orb.
     0 | D:1      | Reached XP level 1. HP: 15/15 MP: 0/0
   300 | D:1      | Reached XP level 2. HP: 18/22 MP: 0/0
   587 | D:1      | Found a faded altar of an unknown god.
  1499 | D:1      | Reached XP level 3. HP: 20/26 MP: 0/0
  1499 | D:1      | Learned a level 1 spell: Shock
  1500 | D:1      | Reached skill level 1 in Fighting
  2057 | D:2      | Reached skill level 3 in Spellcasting
  2310 | D:2      | Noticed Terence
  2346 | D:2      | HP: 1/27 [Terence (8)]
  2376 | D:2      | Slain by Terence

Illustrated notes

Levels and vault maps discovered:
D:1:      mainiacjoe_arrival_reflecting_pool, layout_loops_cross,
          shapermc_ecumenical_altar_flowoftime, serial_forest,
          infiniplex_forest_lined_room_2, infiniplex_forest_straight_4,
          infiniplex_forest_clump_large, infiniplex_forest_end_2,
          infiniplex_forest_clump_cross, minmay_pentomino_r2
D:2:      layout_basic, uniq_terence

Skill      XL: |  1  2  3 |
---------------+----------+-----
Fighting       | 1 |  1.2
Spellcasting   | 3 |  3.0
Dodging        | |  2.7
Stealth        | |  1.5

Action                   || total
-------------------------++-------
Melee: Dagger            ||     1
 Cast: Foxfire           ||    99
Armor: Robe              ||     4
Dodge: Dodged            ||    22
